| TOP OF THE 1ST |
|
Hickory Crawdads batting - Pitching for Lake County Captains : RHP Victor Barron
|
|
Pitching: RHP Victor Barron
|
|
|
Batting: RHB Aaron Moore
|
0-0: Ball 1-0: Ball 2-0: Called Strike 2-1: Foul Ball, location: 2F 2-2: Ground out 5-3 (Groundball, 56S, EV 89.4 MPH)
|
|
Batting: LHB Brian Gray
|
0-0: Ball 1-0: Ball 2-0: Ball 3-0: Swinging Strike 3-1: Fly out, F8 (Flyball, 78M, EV 87.5 MPH)
|
|
Batting: LHB Tim Olsen
|
0-0: Called Strike 0-1: Ball 1-1: Swinging Strike 1-2: Ball 2-2: Fly out, F7 (Flyball, 78M, EV 83.1 MPH)
|
| Top of the 1st over - 0 runs, 0 hits, 0 errors, 0 left on base; Hickory 0 - Lake County 0 |
| BOTTOM OF THE 1ST |
|
Lake County Captains batting - Pitching for Hickory Crawdads : RHP Jim Ruleman
|
|
Pitching: RHP Jim Ruleman
|
|
|
Batting: RHB George Wagner
|
0-0: Foul Ball, location: 2F 0-1: Ball 1-1: Called Strike 1-2: Strikes out swinging
|
|
Pitching: RHP Bill Tindall
|
|
|
Batting: LHB Aaron Caron
|
0-0: Foul Ball, location: 2F 0-1: Fly out, F6 (Line Drive, 6M, EV 69.4 MPH)
|
|
Batting: RHB Anibal Casteles
|
0-0: Called Strike 0-1: Swinging Strike 0-2: Ball 1-2: Strikes out swinging
|
| Bottom of the 1st over - 0 runs, 0 hits, 0 errors, 0 left on base; Hickory 0 - Lake County 0 |
| TOP OF THE 2ND |
|
Hickory Crawdads batting - Pitching for Lake County Captains : RHP Victor Barron
|
|
Batting: SHB Todd Hewitt
|
0-0: Called Strike 0-1: Ball 1-1: Fly out, F7 (Line Drive, 78M, EV 97.5 MPH)
|
|
Batting: RHB Jarrod Joyce
|
0-0: Called Strike 0-1: Swinging Strike 0-2: Ball 1-2: Foul Ball, location: 2F 1-2: Foul Ball, location: 2F 1-2: Foul Ball, location: 2F 1-2: Ball 2-2: Ground out U3 (Groundball, 13, EV 85.6 MPH)
|
|
Batting: LHB Lee Gerken
|
0-0: Ball 1-0: Fly out, F7 (Flyball, 7LD, EV 87.5 MPH)
|
| Top of the 2nd over - 0 runs, 0 hits, 0 errors, 0 left on base; Hickory 0 - Lake County 0 |
| BOTTOM OF THE 2ND |
|
Lake County Captains batting - Pitching for Hickory Crawdads : RHP Bill Tindall
|
|
Batting: LHB Jeff Palmowski
|
0-0: Called Strike 0-1: Ball 1-1: Ball 2-1: Ball 3-1: Called Strike 3-2: Strikes out swinging
|
|
Batting: RHB Adam McMillen
|
0-0: Called Strike 0-1: Called Strike 0-2: Fly out, F7 (Flyball, 7D, EV 93.1 MPH)
|
|
Batting: RHB Josh Patterson
|
0-0: Called Strike 0-1: Swinging Strike 0-2: Strikes out swinging
|
| Bottom of the 2nd over - 0 runs, 0 hits, 0 errors, 0 left on base; Hickory 0 - Lake County 0 |
| TOP OF THE 3RD |
|
Hickory Crawdads batting - Pitching for Lake County Captains : RHP Victor Barron
|
|
Batting: RHB Salvador Caldera
|
0-0: Ground out 6-3 (Groundball, 6, EV 103.8 MPH)
|
|
Batting: SHB Quido van Erp
|
0-0: Swinging Strike 0-1: Ball 1-1: Swinging Strike 1-2: Foul Ball, location: 2F 1-2: Strikes out swinging
|
|
Batting: RHB Johannes Gutermuth
|
0-0: Ball 1-0: SINGLE (Groundball, 4MD, EV 101.9 MPH)
|
|
Batting: RHB Aaron Moore
|
0-0: Swinging Strike 0-1: Called Strike 0-2: Ball 1-2: Ball 2-2: Ball 3-2: Foul Ball, location: 2F 3-2: Ground out 6-3 (Groundball, 6, EV 106.9 MPH)
|
| Top of the 3rd over - 0 runs, 1 hit, 0 errors, 1 left on base; Hickory 0 - Lake County 0 |
| BOTTOM OF THE 3RD |
|
Lake County Captains batting - Pitching for Hickory Crawdads : RHP Bill Tindall
|
|
Batting: LHB Brandon Hopper
|
0-0: Called Strike 0-1: Foul Ball, location: 2F 0-2: Ball 1-2: Strikes out looking
|
|
Batting: RHB Jeremy Givens
|
0-0: Swinging Strike 0-1: Called Strike 0-2: Ball 1-2: Foul Ball, location: 2F 1-2: Ball 2-2: Fly out, F7 (Flyball, 7, EV 83.1 MPH)
|
|
Batting: RHB John Bianconi
|
0-0: Ball 1-0: SINGLE (Groundball, P, EV 81.9 MPH) (infield hit)
|
|
Batting: RHB George Wagner
|
0-0: Ball 1-0: Foul Ball, location: 2F 1-1: Ball 2-1: Foul Ball, location: 2F 2-2: Strikes out swinging
|
| Bottom of the 3rd over - 0 runs, 1 hit, 0 errors, 1 left on base; Hickory 0 - Lake County 0 |
| TOP OF THE 4TH |
|
Hickory Crawdads batting - Pitching for Lake County Captains : RHP Victor Barron
|
|
Batting: LHB Brian Gray
|
0-0: Ball 1-0: Called Strike 1-1: Ball 2-1: Ball 3-1: Foul Ball, location: 2F 3-2: Strikes out swinging
|
|
Batting: LHB Tim Olsen
|
0-0: Ground out 4-3 (Groundball, 4, EV 80.6 MPH)
|
|
Batting: SHB Todd Hewitt
|
0-0: Swinging Strike 0-1: Called Strike 0-2: Strikes out looking
|
| Top of the 4th over - 0 runs, 0 hits, 0 errors, 0 left on base; Hickory 0 - Lake County 0 |
| BOTTOM OF THE 4TH |
|
Lake County Captains batting - Pitching for Hickory Crawdads : RHP Bill Tindall
|
|
Batting: LHB Aaron Caron
|
0-0: Ground out 4-3 (Groundball, 4, EV 100.6 MPH)
|
|
Batting: RHB Anibal Casteles
|
0-0: Fly out, F9 (Flyball, 89S, EV 91.9 MPH)
|
|
Batting: LHB Jeff Palmowski
|
0-0: Ball 1-0: Ball 2-0: Ball 3-0: Base on Balls
|
|
Batting: RHB Adam McMillen
|
0-0: Ball 1-0: Ball Jeff Palmowski is caught stealing 2nd base 2-4
|
| Bottom of the 4th over - 0 runs, 0 hits, 0 errors, 0 left on base; Hickory 0 - Lake County 0 |
| TOP OF THE 5TH |
|
Hickory Crawdads batting - Pitching for Lake County Captains : RHP Victor Barron
|
|
Batting: RHB Jarrod Joyce
|
0-0: Fly out, F9 (Line Drive, 89M, EV 90.0 MPH)
|
|
Batting: LHB Lee Gerken
|
0-0: Ball 1-0: Swinging Strike 1-1: Foul Ball, location: 2F 1-2: Ball 2-2: Ball 3-2: Ground out 4-3 (Groundball, 4, EV 98.1 MPH)
|
|
Batting: RHB Salvador Caldera
|
0-0: Called Strike 0-1: Foul Ball, location: 2F 0-2: SINGLE (Popup, 5D, EV 61.9 MPH)
|
|
Batting: SHB Quido van Erp
|
0-0: Called Strike Salvador Caldera steals 2nd base (no throw) 0-1: Ball 1-1: Swinging Strike 1-2: Fly out, F9 (Flyball, 9, EV 81.9 MPH)
|
| Top of the 5th over - 0 runs, 1 hit, 0 errors, 1 left on base; Hickory 0 - Lake County 0 |
| BOTTOM OF THE 5TH |
|
Lake County Captains batting - Pitching for Hickory Crawdads : RHP Bill Tindall
|
|
Pinch Hitting: LHB Ben Rubenacker
|
0-0: SOLO HOME RUN (Flyball, 9D, EV 92.5 MPH), Distance : 364 ft
|
|
Batting: RHB Josh Patterson
|
0-0: Called Strike 0-1: Foul Ball, location: 2F 0-2: Strikes out swinging
|
|
Batting: LHB Brandon Hopper
|
0-0: Ball 1-0: Called Strike 1-1: Fly out, F5 (Popup, 5S, EV 85.6 MPH)
|
|
Batting: RHB Jeremy Givens
|
0-0: Called Strike 0-1: Ball 1-1: Ball 2-1: Ball 3-1: Foul Ball, location: 2F 3-2: Base on Balls
|
|
Batting: RHB John Bianconi
|
0-0: Ball 1-0: Called Strike 1-1: Swinging Strike Passed Ball! Jeremy Givens to second 1-2: Ball 2-2: Ground out 4-3 (Groundball, 4D, EV 106.9 MPH)
|
| Bottom of the 5th over - 1 run, 1 hit, 0 errors, 1 left on base; Hickory 0 - Lake County 1 |
| TOP OF THE 6TH |
|
Hickory Crawdads batting - Pitching for Lake County Captains : RHP Victor Barron
|
|
Now at 3B: Chris Diaz
|
|
|
Now at SS: Jeremy Givens
|
|
|
Batting: RHB Johannes Gutermuth
|
0-0: Foul Ball, location: 2F 0-1: Swinging Strike 0-2: Foul Ball, location: 2F 0-2: Ground out 1-3 (Groundball, 13S, EV 71.9 MPH)
|
|
Batting: RHB Aaron Moore
|
0-0: Foul Ball, location: 2F 0-1: Foul Ball, location: 2F 0-2: Ground out 4-3 (Groundball, 4MS, EV 68.1 MPH)
|
|
Batting: LHB Brian Gray
|
0-0: Ball 1-0: Ball 2-0: Ball 3-0: Called Strike 3-1: Called Strike 3-2: Base on Balls
|
|
Batting: LHB Tim Olsen
|
0-0: Called Strike 0-1: Swinging Strike 0-2: Ball 1-2: SINGLE (Groundball, 34S, EV 68.1 MPH) (infield hit) Brian Gray to second
|
|
Batting: SHB Todd Hewitt
|
0-0: Ball 1-0: Called Strike 1-1: Foul Ball, location: 2F 1-2: Ball 2-2: Ball 3-2: Ground out 6-3 (Groundball, 4M, EV 84.4 MPH)
|
| Top of the 6th over - 0 runs, 1 hit, 0 errors, 2 left on base; Hickory 0 - Lake County 1 |
| BOTTOM OF THE 6TH |
|
Lake County Captains batting - Pitching for Hickory Crawdads : RHP Bill Tindall
|
|
Batting: RHB George Wagner
|
0-0: Ground out 4-3 (Groundball, 34, EV 102.5 MPH)
|
|
Batting: LHB Aaron Caron
|
0-0: Ball 1-0: Ball 2-0: Ball 3-0: Base on Balls
|
|
Pitching: RHP Jon Huizenga
|
|
|
Batting: RHB Anibal Casteles
|
0-0: Swinging Strike 0-1: Swinging Strike 0-2: Ball 1-2: Strikes out swinging
|
|
Pitching: LHP Tommy McCusker
|
|
|
Batting: LHB Jeff Palmowski
|
0-0: Called Strike 0-1: Foul Ball, location: 2F 0-2: Strikes out swinging
|
| Bottom of the 6th over - 0 runs, 0 hits, 0 errors, 1 left on base; Hickory 0 - Lake County 1 |
| TOP OF THE 7TH |
|
Hickory Crawdads batting - Pitching for Lake County Captains : RHP Victor Barron
|
|
Batting: RHB Jarrod Joyce
|
0-0: Called Strike 0-1: Ball 1-1: Ball 2-1: Fly out, F8 (Flyball, 8LD, EV 92.5 MPH)
|
|
Batting: LHB Lee Gerken
|
0-0: SINGLE (Line Drive, 9S, EV 98.1 MPH)
|
|
Batting: RHB Salvador Caldera
|
0-0: Swinging Strike 0-1: Ball 1-1: Hit by Pitch Lee Gerken to second
|
|
Pinch Runner at 2nd Caleb Domino:
|
|
|
Batting: SHB Quido van Erp
|
0-0: Called Strike 0-1: Ball 1-1: Foul Ball, location: 2F 1-2: Foul Ball, location: 2F 1-2: Foul Ball, location: 2F 1-2: Ball 2-2: Ball 3-2: Fly out, F8 (Flyball, 8LXD, EV 99.4 MPH)
|
|
Pitching: RHP Theodore Behr
|
|
|
Batting: RHB Johannes Gutermuth
|
0-0: Ball 1-0: Swinging Strike 1-1: Ball 2-1: Called Strike 2-2: Ball 3-2: Strikes out swinging
|
| Top of the 7th over - 0 runs, 1 hit, 0 errors, 2 left on base; Hickory 0 - Lake County 1 |
| BOTTOM OF THE 7TH |
|
Lake County Captains batting - Pitching for Hickory Crawdads : LHP Tommy McCusker
|
|
Pitching: RHP Errol Dondale
|
|
|
Now at 1B: Brian Gray
|
|
|
Now in LF: Caleb Domino
|
|
|
Batting: RHB Chris Diaz
|
0-0: Ball 1-0: Foul Ball, location: 2F 1-1: Ball 2-1: DOUBLE (Line Drive, 89XD, EV 107.5 MPH)
|
|
Batting: RHB Josh Patterson
|
0-0: Foul Ball, location: 2F 0-1: Ball 1-1: Foul Ball, location: 2F 1-2: DOUBLE (Line Drive, 3D, EV 97.5 MPH) Chris Diaz scores
|
|
Batting: LHB Brandon Hopper
|
0-0: Intentional Walk
|
|
Batting: RHB Jeremy Givens
|
0-0: Bunted foul 0-1: Bunted foul 0-2: Ball 1-2: Fly out, F8 (Flyball, 8LS, EV 86.9 MPH)
|
|
Batting: RHB John Bianconi
|
0-0: Called Strike 0-1: Ball 1-1: SINGLE (Groundball, 4D, EV 106.2 MPH) Josh Patterson to third Brandon Hopper to second Runner from 3rd tries for Home, SAFE, throw by CF to home
|
|
Batting: RHB George Wagner
|
0-0: Ball 1-0: Fielders Choice at 2nd, 6-4 (Groundball, 6, EV 78.8 MPH) Brandon Hopper to third
|
|
Batting: LHB Aaron Caron
|
0-0: Ball Passed Ball! Brandon Hopper scores George Wagner to second 1-0: Ball 2-0: Swinging Strike 2-1: Foul Ball, location: 2F 2-2: Foul Ball, location: 2F 2-2: Ball 3-2: Foul Ball, location: 2F 3-2: Ground out 4-3 (Groundball, 4, EV 101.2 MPH)
|
| Bottom of the 7th over - 3 runs, 3 hits, 0 errors, 1 left on base; Hickory 0 - Lake County 4 |
| TOP OF THE 8TH |
|
Hickory Crawdads batting - Pitching for Lake County Captains : RHP Theodore Behr
|
|
Now in LF: Steve Gusman
|
|
|
Batting: RHB Aaron Moore
|
0-0: Ball 1-0: Ball 2-0: Ball 3-0: Called Strike 3-1: Called Strike 3-2: Ground out 4-3 (Groundball, 4S, EV 63.8 MPH)
|
|
Batting: LHB Brian Gray
|
0-0: Ball 1-0: Fly out, F5 (Line Drive, 5L, EV 65.0 MPH)
|
|
Batting: LHB Tim Olsen
|
0-0: Foul Ball, location: 2F 0-1: Ball 1-1: SINGLE (Groundball, 34D, EV 106.9 MPH)
|
|
Batting: SHB Todd Hewitt
|
0-0: Ball 1-0: Foul Ball, location: 2F 1-1: Ball 2-1: Foul Ball, location: 2F 2-2: Foul Ball, location: 2F 2-2: Strikes out swinging
|
| Top of the 8th over - 0 runs, 1 hit, 0 errors, 1 left on base; Hickory 0 - Lake County 4 |
| BOTTOM OF THE 8TH |
|
Lake County Captains batting - Pitching for Hickory Crawdads : RHP Errol Dondale
|
|
Pitching: RHP Nick Ehrlich
|
|
|
Batting: RHB Anibal Casteles
|
0-0: Called Strike 0-1: Ball 1-1: Foul Ball, location: 2F 1-2: Fly out, F7 (Line Drive, 7S, EV 95.6 MPH)
|
|
Batting: LHB Jeff Palmowski
|
0-0: Foul Ball, location: 2F 0-1: Ball 1-1: Ball 2-1: Ball 3-1: Foul Ball, location: 2F 3-2: Strikes out looking
|
|
Batting: RHB Chris Diaz
|
0-0: Hit by Pitch
|
|
Batting: RHB Josh Patterson
|
0-0: Called Strike 0-1: Ball Chris Diaz steals 2nd base 1-1: Intentional Walk
|
|
Batting: RHB Steve Gusman
|
0-0: Called Strike 0-1: Ball 1-1: SINGLE (Groundball, 25, EV 65.6 MPH) (infield hit) Chris Diaz to third Josh Patterson to second
|
|
Batting: RHB Jeremy Givens
|
0-0: Swinging Strike 0-1: Ball 1-1: Ball 2-1: Foul Ball, location: 2F 2-2: Foul Ball, location: 2F 2-2: Fly out, F7 (Flyball, 78D, EV 97.5 MPH)
|
| Bottom of the 8th over - 0 runs, 1 hit, 0 errors, 3 left on base; Hickory 0 - Lake County 4 |
| TOP OF THE 9TH |
|
Hickory Crawdads batting - Pitching for Lake County Captains : RHP Theodore Behr
|
|
Batting: RHB Jarrod Joyce
|
0-0: Ball 1-0: Fly out, F7 (Flyball, 7S, EV 94.4 MPH)
|
|
Batting: LHB Caleb Domino
|
0-0: Called Strike 0-1: Ball 1-1: Called Strike 1-2: Ground out 5-3 (Groundball, 5S, EV 77.5 MPH)
|
|
Batting: RHB Salvador Caldera
|
0-0: Foul Ball, location: 2F 0-1: Called Strike 0-2: Ball 1-2: SINGLE (Line Drive, 9LS, EV 104.4 MPH)
|
|
Batting: SHB Quido van Erp
|
0-0: Ball 1-0: Called Strike 1-1: Fly out, F9 (Flyball, 89M, EV 90.6 MPH)
|
| Top of the 9th over - 0 runs, 1 hit, 0 errors, 1 left on base; Hickory 0 - Lake County 4 |
|